 Dungeon Crawl Stone Soup version 0.30-a0-134-gb40fab5c76 (webtiles) character file.

Game seed: 1493614970128091938

127 Redcow54321 the Chopper (level 5, -1/45 HPs)
             Began as a Hill Orc Fighter on Sept 19, 2022.
             Slain by Jessica
             ... wielding a +0 dagger
              (3 damage)
             ... on level 3 of the Dungeon on Sept 27, 2022.
             The game lasted 00:04:52 (2122 turns).

Redcow54321 the Chopper (Hill Orc Fighter)          Turns: 2122, Time: 00:04:53

Health: -1/45      AC:  6    Str: 21    XL:     5   Next: 11%
Magic:  5/5        EV:  9    Int:  8    God:
Gold:   40         SH:  4    Dex: 10    Spells: 4/4 levels left

rFire   . . .      SeeInvis .    a - +0 war axe
rCold   . . .      Faith    .    c - +0 buckler
rNeg    . . .      Spirit   .    b - +0 scale mail
rPois   .          Reflect  .    (no helmet)
rElec   .          Harm     .    (no cloak)
rCorr   .          Rampage  .    (no gloves)
Will    .....                    (no boots)
Stlth   ..........               (no amulet)
HPRegen 0.15/turn                (no ring)
MPRegen 0.09/turn                (no ring)

@: lethally poisoned (-1 -> -3)
A: no striking features
a: no special abilities


You were on level 3 of the Dungeon.
You visited 1 branch of the dungeon, and saw 3 of its levels.

You collected 40 gold pieces.

Inventory:

Hand Weapons
 a - a +0 war axe (weapon)
Armour
 b - a +0 scale mail (worn)
 c - a +0 buckler (worn)
Jewellery
 g - a ring of resist corrosion
 i - a ring of fire
 k - a +6 ring of strength
Wands
 n - a wand of flame (5)
Scrolls
 e - 2 scrolls of noise {unknown}
 h - 2 scrolls of identify {unknown}
 j - 2 scrolls of magic mapping {unknown}
 m - 2 scrolls of vulnerability {unknown}
 q - a scroll of poison {unknown}
 r - a scroll of enchant armour {unknown}
Potions
 d - 2 potions of might
 f - 3 potions of curing
 l - 2 potions of heal wounds {unknown}
 o - a potion of brilliance
 p - a potion of haste {unknown}
 s - a potion of mutation {unknown}


   Skills:
 - Level 3.6 Fighting
 * Level 6.6 Axes
 - Level 3.2 Armour
 + Level 0.4 Dodging
 - Level 3.2 Shields


You had 4 spell levels left.
You didn't know any spells.
Your spell library was empty.

Dungeon Overview and Level Annotations

Branches:
Dungeon (3/15)

Altars:

Annotations:
D:3 Jessica


Message History

The adder bites you.
You are poisoned.
The adder poisons you! The adder bites you but does no damage.
Jessica gestures wildly while chanting.
Jessica seems to speed up.
You feel sick. Jessica hits you with a +0 dagger. The adder closely misses you.
You feel sick. Jessica hits you but does no damage.
The adder closely misses you. Jessica barely misses you.
You feel sick. The adder barely misses you.
Jessica points at you and mumbles some strange words.
You resist with some effort. The adder barely misses you.
You feel sick. You block Jessica's attack. The adder bites you.
You are more poisoned.
The adder poisons you! Jessica hits you with a +0 dagger.
You feel sick. The adder bites you but does no damage.
You block Jessica's attack.
You feel sick. You block Jessica's attack. The adder closely misses you.
Jessica hits you with a +0 dagger. The adder bites you.
You feel sick. Jessica completely misses you. The adder bites you.
You are more poisoned.
The adder poisons you!
You feel sick. Jessica hits you but does no damage. The adder bites you.
You are more poisoned.
The adder poisons you! Jessica hits you with a +0 dagger.
You feel sick. The adder closely misses you.
Jessica hits you but does no damage.
You feel sick. The adder bites you but does no damage.
Jessica casts a spell.
Jessica blinks!
The adder closely misses you.
You feel sick. The adder closely misses you.
You feel sick. The adder bites you but does no damage.
Jessica points at you and mumbles some strange words.
Pain shoots through your body!
* * * LOW HITPOINT WARNING * * *
* * * LOW HITPOINT WARNING * * *
You feel sick. The adder misses you. Jessica misses you.
The adder closely misses you.
* * * LOW HITPOINT WARNING * * *
You feel sick. Jessica hits you with a +0 dagger.
You die...

......
.....
....##
....$ ...#
# ..####.#
#.#... #
#S#.##.#
#@@....#
###.#### .
#.#
....####.#
#....<.#
....######
#


You could see an adder and Jessica (fast).

Vanquished Creatures
  Natasha (thrice) (D:2)
  2 adders (D:2)
  A worm (D:2)
  2 dart slugs (D:2)
  An endoplasm (D:1)
  4 giant cockroaches
  2 goblins (D:2)
  A hobgoblin (D:2)
  3 jackals (D:2)
  2 kobolds
  2 ball pythons
  2 bats (D:1)
  2 frilled lizards
  4 rats
31 creatures vanquished.

Notes
Turn   | Place    | Note
-------+----------+-------------------------------------------
     0 | D:1      | Redcow54321 the Hill Orc Fighter began the quest for the
                  | Orb.
     0 | D:1      | Reached XP level 1. HP: 19/19 MP: 1/1
    90 | D:1      | Reached skill level 3 in Axes
   177 | D:1      | Found a faded altar of an unknown god.
   369 | D:1      | Reached XP level 2. HP: 25/26 MP: 2/2
   747 | D:2      | Noticed Natasha
   754 | D:2      | HP: 1/26 [Natasha/puff of flame (8)]
   755 | D:2      | Killed Natasha
   756 | D:2      | Reached skill level 4 in Axes
   756 | D:2      | Reached XP level 3. HP: 1/31 MP: 3/3
  1095 | D:2      | Reached skill level 5 in Axes
  1229 | D:2      | Reached XP level 4. HP: 36/39 MP: 4/4
  1287 | D:2      | Noticed Natasha
  1293 | D:2      | Killed Natasha
  1294 | D:2      | Reached skill level 6 in Axes
  1300 | D:2      | Noticed Natasha
  1328 | D:2      | Killed Natasha
  1712 | D:2      | Reached XP level 5. HP: 45/45 MP: 5/5
  2101 | D:3      | Noticed Jessica
  2122 | D:3      | HP: 2/45 [poisoned by an adder]
  2122 | D:3      | Slain by Jessica

Illustrated notes

Levels and vault maps discovered:
D:1:      amcnicky_arrival_single_pillar, layout_basic,
          shapermc_ecumenical_altar_mp_vishouse, minmay_3d_cube
D:2:      layout_loops_ring, uniq_natasha
D:3:      layout_loops_cross, nicolae_overflow_hidden_temple, uniq_robin,
          uniq_jessica

Skill      XL: |  1  2  3  4 |
---------------+-------------+-----
Axes           | 3 4 5 6 |  6.6
Fighting       | |  3.6
Armour         | |  3.2
Dodging        | |  0.4
Shields        | |  3.2

Action                   |  1- 3 |  4- 6 || total
-------------------------+-------+-------++-------
Melee: War axe           |    67 |    53 ||   120
Armor: Scale mail        |    30 |    23 ||    53
Dodge: Dodged            |    29 |    43 ||    72
Block: Buckler           |    18 |    14 ||    32

Table legend: (Time is in decaauts)
 A = Elapsed time spent in this place.
 B = Non-inter-level travel time spent in this place.
 C = Inter-level travel time spent in this place.
 D = Time resting spent in this place.
 E = Time spent auto-exploring this place.
 F = Levels seen in this place.
 G = Mean time per level.
                   A        B        C        D        E       F      G
               +--------+--------+--------+--------+--------+-----+--------+
         Total |   2180 |   2148 |     32 |      0 |   1825 |   3 |  726.7 |
       Dungeon |   2180 |   2148 |     32 |      0 |   1825 |   3 |  726.7 |
               +--------+--------+--------+--------+--------+-----+--------+

Top non-repeatable levels by time:
     D:2: 1480 daAuts
     D:1: 676 daAuts
     D:3: 23 daAuts
